 Dungeon Crawl Stone Soup version 0.29-a0-474-gdfe5cd1 (webtiles) character file.

Game seed: 386652925761684593

2 Toastz the Skirmisher (level 1, 0/18 HPs)
             Began as a Formicid Abyssal Knight on May 23, 2022.
             Was a Believer of Lugonu.
             Succumbed to an adder's poison
             ... on level 4 of the Dungeon.
             The game lasted 00:01:00 (138 turns).

Toastz the Skirmisher (Formicid Abyssal Knight)      Turns: 138, Time: 00:01:00

Health: 0/18       AC:  3    Str: 17    XL:     1   Next: 44%
Magic:  2/2        EV: 11    Int:  9    God:    Lugonu [**....]
Gold:   0          SH:  0    Dex: 11    Spells: 0/0 levels left

rFire   . . .      SeeInvis +   a - +1 spear
rCold   . . .      Faith    .   (no shield)
rNeg    . . .      Spirit   .   b - +0 leather armour
rPois   .          Reflect  .   (helmet unavailable)
rElec   .          Harm     .   (no cloak)
rCorr   .          Rampage  .   (no gloves)
Will    .....                   (no boots)
Stlth   +.........              (no amulet)
HPRegen 0.06/turn               (no ring)
MPRegen 0.08/turn               (no ring)

@: lethally poisoned (0 -> -1)
A: permanent stasis, dig shafts and tunnels, antennae 3, four strong arms
a: Dig, Shaft Self, Renounce Religion, Depart the Abyss, Bend Space


You were on level 4 of the Dungeon.
You worshipped Lugonu.
Lugonu was pleased with you.
You visited 1 branch of the dungeon, and saw 3 of its levels.
You visited the Abyss 1 time.

Inventory:

Hand Weapons
 a - a +1 spear (weapon)
Missiles
 d - 5 poisoned darts (quivered)
Armour
 b - a +0 leather armour (worn)
Scrolls
 c - a scroll of noise {unknown}


   Skills:
 + Level 3.3 Fighting
 * Level 2.1 Polearms
 - Level 2.1 Armour
 - Level 0.8 Dodging
 - Level 2.1 Invocations


You couldn't memorise any spells.
You didn't know any spells.
Your spell library was empty.

Dungeon Overview and Level Annotations

Branches:
Dungeon (2/15)

Altars:


Innate Abilities, Weirdness & Mutations

You cannot be hasted, slowed, berserked, paralysed or teleported.
You can dig through walls and to a lower floor.
You have a pair of large antennae on your head. (SInv)
Your four strong arms can wield two-handed weapons with a shield.


Message History

The frilled lizard bites you. The endoplasm freezes you.
You are frozen.
* * * LOW HITPOINT WARNING * * *
A shaft appears beneath you!
You fall into a shaft and drop 1 floor!
The shaft crumbles and collapses.
Found 10 gold pieces.
Found a stone staircase leading down.
You start resting.
An adder comes into view.
Found 5 gold pieces.
You start resting.
You sense a monster nearby.
Found a black potion.
You start resting.
An adder is nearby!
You are too injured to fight recklessly!
The adder bites you.
You closely miss the adder. The adder bites you but does no damage.
The adder bites you.
* * * LOW HITPOINT WARNING * * *
You are poisoned.
The adder poisons you!
You aren't carrying any potions.
Are you sure you want to shaft yourself?
* * * LOW HITPOINT WARNING * * *
You feel sick. The adder bites you.
* * * LOW HITPOINT WARNING * * *
You begin to dig a shaft.
You continue digging a shaft.
* * * LOW HITPOINT WARNING * * *
You feel sick. The adder barely misses you. A shaft appears beneath you!
You fall into a shaft and drop 2 floors!
The shaft crumbles and collapses.
You hear the sound of rushing water.
There is an entrance to a sewer on this level.
Hurry and find it before the portal rusts away!
* * * LOW HITPOINT WARNING * * *
You feel sick.
Found 19 gold pieces.
You die...

...# .#..#
...# ...# ...
{ #.###
..#.###.#.###
............#
.....$..@.#$#
##.######....#
...## .....
.##### .# .#
.#


There were no monsters in sight!

Vanquished Creatures
  A hobgoblin (D:1)
  A quokka (D:1)
2 creatures vanquished.

Notes
Turn   | Place    | Note
-------+----------+-------------------------------------------
     0 | Abyss:1  | Toastz the Formicid Abyssal Knight began the quest for the
                  | Orb.
     0 | Abyss:1  | Reached XP level 1. HP: 18/18 MP: 2/2
    16 | D:1      | Escaped the Abyss
   100 | D:1      | You fall into a shaft and drop 1 floor!
   137 | D:2      | You fall into a shaft and drop 2 floors!
   138 | D:4      | Succumbed to an adder's poison

Illustrated notes

Levels and vault maps discovered:
D:1:      dpeg_arrival_leaves_temple_mockup, layout_rooms,
          chequers_ecumenical_altar_lobes
D:2:      minmay_roachtagon, layout_rooms, minmay_octomino_c4
D:4:      gammafunk_wand_slinger, layout_basic, portal_sewer_entry_b,
          uniq_robin, uniq_pikel, uniq_blork_the_orc

Action                   || total
-------------------------++-------
Melee: Spear             ||     9
 Abil: Shaft Self        ||     2
Armor: Leather armour    ||     5
Dodge: Dodged            ||     8

Table legend: (Time is in decaauts)
 A = Elapsed time spent in this place.
 B = Non-inter-level travel time spent in this place.
 C = Inter-level travel time spent in this place.
 D = Time resting spent in this place.
 E = Time spent auto-exploring this place.
 F = Levels seen in this place.
 G = Mean time per level.
                   A        B        C        D        E       F      G
               +--------+--------+--------+--------+--------+-----+--------+
         Total |    137 |    129 |      8 |     18 |     46 |   4 |   34.2 |
       Dungeon |    121 |    113 |      8 |     18 |     46 |   3 |   40.3 |
         Abyss |     16 |     16 |      0 |      0 |      0 |   1 |   16.0 |
               +--------+--------+--------+--------+--------+-----+--------+

Top non-repeatable levels by time:
     D:1: 83 daAuts
     D:2: 36 daAuts
 Abyss:1: 16 daAuts
     D:4: 0 daAuts
